 Dungeon Crawl Stone Soup version 0.30-a0-728-gc68057be0a (webtiles) character file.

Game seed: 17009852617082830487

57 jimonade the Shooter (level 3, -2/21 HPs)
             Began as a Deep Elf Hunter on Jan 30, 2023.
             Slain by a goblin
             ... wielding a +0 dagger
             ... led by Robin
              (4 damage)
             ... on level 2 of the Dungeon.
             The game lasted 00:03:30 (1309 turns).

jimonade the Shooter (Deep Elf Hunter)              Turns: 1309, Time: 00:03:31

Health: -2/21      AC:  3    Str:  8    XL:     3   Next: 73%
Magic:  5/5        EV: 12    Int: 13    God:
Gold:   43         SH:  0    Dex: 20    Spells: 2/2 levels left

rFire   + . .      SeeInvis .    a - +0 shortbow
rCold   . . .      Faith    .    (shield currently unavailable)
rNeg    . . .      Spirit   .    c - +0 leather armour
rPois   .          Reflect  .    (no helmet)
rElec   .          Harm     .    (no cloak)
rCorr   .          Rampage  .    (no gloves)
Will    .....                    (no boots)
Stlth   ++                       (no amulet)
HPRegen 0.23/turn                j - ring of protection from fire
MPRegen 0.09/turn                (no ring)

@: hasted, studying Fighting, very quick
A: no striking features
a: no special abilities


You were on level 2 of the Dungeon.
You visited 1 branch of the dungeon, and saw 2 of its levels.

You collected 43 gold pieces.

Inventory:

Hand Weapons
 a - a +0 shortbow (weapon)
 b - a +2 whip of venom
 d - a +0 rapier
Armour
 c - a +0 leather armour (worn)
Jewellery
 j - a ring of protection from fire (left hand)
Scrolls
 e - a scroll of immolation
 g - 2 scrolls of identify
 h - 3 scrolls of teleportation
 i - a scroll of amnesia
Potions
 f - a potion of attraction {unknown}


   Skills:
 + Level 1.8 Fighting
 + Level 7.1 Ranged Weapons
 - Level 2.4 Dodging
 - Level 1.2 Stealth


You had 2 spell levels left.
You didn't know any spells.
Your spell library contained the following spells:

 Spells                   Type           Power      Damage    Failure   Level
 Magic Dart               Conj           0%         1d3       41%         1
 Searing Ray              Conj           0%         2d4       56%         2
 Ignite Poison            Fire/Tmut/Pois 0%         N/A       80%         3
 Kindle Blastsparks       Fire/Tloc/Air  0%         2d10      80%         3
 Fulminant Prism          Conj/Hex       0%         3d5       99%         4
 Freezing Cloud           Conj/Ice/Air   0%         6-21      100%        5


Dungeon Overview and Level Annotations

Branches:
Dungeon (2/15)

Altars:

Annotations:
D:2 Robin


Message History

Press: ? - help, Q - select action Shift-Dir - straight line, f/p - goblin
Aim: a goblin, wielding a +0 dagger (heavily wounded, strong, 59% to hit)
You shoot an arrow. The arrow hits the goblin.
You kill the goblin!
The goblin hits you but does no damage. The goblin hits you with a +0 dagger.
Fire: a) +0 shortbow
Press: ? - help, Q - select action Shift-Dir - straight line, f - hobgoblin
Aim: a hobgoblin (strong, 65% to hit)
You shoot an arrow. The arrow hits the hobgoblin.
The hobgoblin is severely wounded.
The goblin barely misses you. The goblin misses you. The hobgoblin hits you.
* * * LOW HITPOINT WARNING * * *
Fire: a) +0 shortbow
Press: ? - help, Q - select action Shift-Dir - straight line, f/p - hobgoblin
Aim: a hobgoblin (severely wounded, strong, 65% to hit)
You shoot an arrow. The arrow barely misses the hobgoblin.
Fire: a) +0 shortbow
Press: ? - help, Q - select action Shift-Dir - straight line, f/p - hobgoblin
Aim: a hobgoblin (severely wounded, strong, 65% to hit)
You shoot an arrow. The arrow closely misses the hobgoblin.
The goblin hits you but does no damage.
A goblin comes into view. It is wielding a +0 dagger.
The hobgoblin hits you.
* * * LOW HITPOINT WARNING * * *
The goblin barely misses you.
Fire: a) +0 shortbow
Press: ? - help, Q - select action Shift-Dir - straight line, f/p - hobgoblin
Aim: a hobgoblin (severely wounded, strong, 65% to hit)
You shoot an arrow. The arrow barely misses the hobgoblin.
Robin throws the goblin at you! The goblin hits you with a +0 dagger.
* * * LOW HITPOINT WARNING * * *
The goblin barely misses you. The goblin hits you but does no damage.
The hobgoblin completely misses you.
Fire: a) +0 shortbow
Press: ? - help, Q - select action Shift-Dir - straight line, f/p - hobgoblin
Aim: a hobgoblin (severely wounded, strong, 65% to hit)
You shoot an arrow. The arrow hits the hobgoblin.
You kill the hobgoblin!
The goblin hits you with a +0 dagger.
You die...

#....# ##....# #.#.
###### #.....## #...
#.###..# ###. ... #..###
## #### #....### #
#.##...# # ..#######
#.####.###### ..)ggh.g###
#.# #.......
)...###h@g###.##########.
g ###g......# #.
##......# ## #......#
########


You could see Robin, 2 jackals, a hobgoblin (strong) and 3 goblins.

Vanquished Creatures
  An adder (D:2)
  2 ball pythons (D:1)
  2 endoplasms
  9 goblins
  5 hobgoblins
  7 jackals (D:1)
  3 bats
  4 frilled lizards
  6 kobolds
  3 rats
42 creatures vanquished.

Notes
Turn   | Place    | Note
-------+----------+-------------------------------------------
     0 | D:1      | jimonade the Deep Elf Hunter began the quest for the Orb.
     0 | D:1      | Reached XP level 1. HP: 12/12 MP: 3/3
   172 | D:1      | Reached skill level 6 in Ranged Weapons
   172 | D:1      | Reached XP level 2. HP: 16/16 MP: 4/4
   329 | D:1      | Found a faded altar of an unknown god.
   330 | D:1      | Noticed a golden eye
   334 | D:1      | Noticed a golden eye
   334 | D:1      | Noticed a floating eye
   334 | D:1      | Noticed a floating eye
   709 | D:1      | Reached XP level 3. HP: 20/20 MP: 5/5
   926 | D:1      | Identified a scroll of acquirement
   926 | D:1      | Acquired a manual of Fighting
  1097 | D:2      | Reached skill level 7 in Ranged Weapons
  1296 | D:2      | Noticed Robin
  1309 | D:2      | Slain by a goblin

Illustrated notes

Levels and vault maps discovered:
D:1:      arrival_zaba_pyramid, layout_basic,
          hellmonk_ecumenical_altar_watching_god
D:2:      layout_rooms, minmay_misc_feat_diagonals, minmay_tromino_v4_b,
          uniq_jessica, uniq_robin

Skill      XL: |  1  2  3 |
---------------+----------+-----
Ranged Weapons | 6 7 |  7.1
Fighting       | |  1.8
Dodging        | |  2.4
Stealth        | |  1.2

Action                     || total
---------------------------++-------
  Melee: Whip              ||     3
   Fire: Shortbow          ||   114
    Use: Scroll            ||     5
         Potion            ||     1
 Armour: Leather armour    ||    29
  Dodge: Dodged            ||    57

Table legend: (Time is in decaauts)
 A = Elapsed time spent in this place.
 B = Non-inter-level travel time spent in this place.
 C = Inter-level travel time spent in this place.
 D = Time resting spent in this place.
 E = Time spent auto-exploring this place.
 F = Levels seen in this place.
 G = Mean time per level.
                   A        B        C        D        E       F      G
               +--------+--------+--------+--------+--------+-----+--------+
         Total |   1332 |   1260 |     72 |    166 |    865 |   2 |  666.0 |
       Dungeon |   1332 |   1260 |     72 |    166 |    865 |   2 |  666.0 |
               +--------+--------+--------+--------+--------+-----+--------+

Top non-repeatable levels by time:
     D:1: 1075 daAuts
     D:2: 257 daAuts
